 Dungeon Crawl Stone Soup version 0.30-a0-1112-gfb780f5df6 (webtiles) character file.

Game seed: 14696692528952753431

63 ytrimaz the Chopper (level 3, 0/29 HPs)
             Began as a Demonspawn Fighter on Apr 19, 2023.
             Slain by a gnoll
             ... wielding a +0 club
              (1 damage)
             ... on level 2 of the Dungeon.
             The game lasted 00:01:36 (1618 turns).

ytrimaz the Chopper (Demonspawn Fighter)            Turns: 1618, Time: 00:01:37

Health: 0/29       AC:  6    Str: 18    XL:     3   Next: 87%
Magic:  3/3        EV:  9    Int:  9    God:
Gold:   58         SH:  5    Dex: 12    Spells: 2/2 levels left

rFire   + . .      SeeInvis .    a - +0 war axe
rCold   . . .      Faith    .    c - +1 buckler
rNeg    . . .      Spirit   .    b - +0 scale mail
rPois   .          Reflect  .    (helmet restricted)
rElec   .          Rampage  .    (no cloak)
rCorr   .                        (no gloves)
Will    .....                    (no boots) Stlth
                                 (no amulet)
HPRegen 0.24/turn                h - ring of protection from fire
MPRegen 0.08/turn                (no ring)

@: no status effects
A: horns 1, ignite blood 1
a: no special abilities


You were on level 2 of the Dungeon.
You visited 1 branch of the dungeon, and saw 4 of its levels.

You collected 58 gold pieces.


Innate Abilities, Weirdness & Mutations

You have a pair of small horns on your head.
Your demonic aura sometimes causes spilled blood to erupt in flames.


   Skills:
 - Level 3.0 Fighting
 + Level 3.9 Axes
 - Level 2.6 Armour
 - Level 2.6 Shields


You had 2 spell levels left.
You didn't know any spells.
Your spell library was empty.

Inventory:

Hand Weapons
 a - a +0 war axe (weapon)
Armour
 b - a +0 scale mail (worn)
 c - a +1 buckler (worn)
Jewellery
 h - a ring of protection from fire (left hand)
   (You found it on level 2 of the Dungeon)
Scrolls
 e - a scroll of teleportation
 f - a scroll of identify {unknown}
 g - a scroll of enchant weapon {unknown}
Potions
 d - 2 potions of might

Dungeon Overview and Level Annotations

Branches:
Dungeon (4/15) Zot: 22373
 Temple: D:4-7

Altars:

...######.....####
......###........
...#.....###..#########
##
...+.....)............+
.. ..
####.....#####.########
.. ####.. .........#
#g####### #. ..[.#
.....#########.......#
#. #...#
.....'.......#..g....#
#. #....
.....###.....##.@....#
#. ##.... .....#
#.....###'#####
#.##..... .....#
#.....# #.### #........
.##### #####.# #...##
##..##.... .# #.#
###..# #...##.... .#
#.# #....# ##....#<.##
## #.#
#....###.....#####
##'###......+..........
#...##.....##...†####


You could see 2 gnolls.


Message History

You slash the rat!
You kill the rat!
No target in view!
No target in view!
No target in view!
No target in view!
No target in view!
No target in view!
No target in view!
No target in view!
No target in view!
f - a scroll labelled BAIRPHI MAXKI You open the door.
There is an open door here.
You open the door.
There is an open door here.
You open the door.
There is an open door here.
Key pressed, stopping explore.
Found a stone staircase leading down.
g - a scroll labelled KAUTI CEIBA No target in view!
There is a stone staircase leading down here.
A ball python comes into view.
The ball python hisses angrily.
A ball python is nearby!
A ball python is nearby!
A ball python is nearby!
You slash the ball python!
You kill the ball python!
No target in view!
No target in view!
No target in view!
No target in view!
No target in view!
No target in view!
You now have 58 gold pieces (gained 3).
You see here a ball python corpse.
h - a ring of protection from fire You open the door.
There is an open door here.
A gnoll comes into view. It is wielding a +0 spear.
The gnoll shouts!
A gnoll comes into view. It is wielding a +0 club.
h - a ring of protection from fire (left hand)
The gnoll shouts!
A gnoll comes into view. It is wielding a +0 club.
The gnoll shouts!
The gnoll hits you but does no damage.
You hit the gnoll. The gnoll barely misses you.
The gnoll hits you with a +0 club. 😕 HP[-4]
You take 4 damage, and now have 25/29 hp.
Unknown command.
You barely miss the gnoll. The gnoll barely misses you.
You block the gnoll's attack.
The gnoll hits you from afar with a +0 spear.
The gnoll hits you with a +0 club! 😮 HP[-8]
You take 8 damage, and now have 17/29 hp.
MASSIVE DAMAGE!! (PAUSE)
You hit the gnoll. Your headbutt misses the gnoll.
The gnoll hits you from afar with a +0 spear.
* * * LOW HITPOINT WARNING * * *
The gnoll hits you with a +0 club.
* * * LOW HITPOINT WARNING * * *
😨 HP[-5]
You take 5 damage, and now have 12/29 hp.
You are too injured to fight recklessly!
You hit the gnoll.
You block the gnoll's attack. x2 😨 HP[+1] Unknown command.
You hit the gnoll.
You kill the gnoll!
The gnoll hits you from afar with a +0 spear.
* * * LOW HITPOINT WARNING * * *
The gnoll hits you from afar with a +0 spear.
* * * LOW HITPOINT WARNING * * *
The gnoll barely misses you. 😨 HP[-5]
You take 5 damage, and now have 8/29 hp.
The gnoll attacks as you move away! The gnoll hits you with a +0 club.
* * * LOW HITPOINT WARNING * * *
😱 HP[-4]
You take 4 damage, and now have 4/29 hp.
It was a potion of magic.
Magic courses through your body. 😱 HP[+1] Unknown command.
The gnoll hits you but does no damage. The gnoll attacks as you move away!
You block the gnoll's attack. The gnoll attacks as you move away!
The gnoll hits you with a +0 club.
* * * LOW HITPOINT WARNING * * *
😱 HP[-1]
You take 1 damage, and now have 4/29 hp.
The gnoll attacks as you move away! The gnoll hits you with a +0 club.
* * * LOW HITPOINT WARNING * * *
😱 HP[-3]
You take 3 damage, and now have 1/29 hp.
The gnoll attacks as you move away! The gnoll hits you with a +0 club.
You die...

Skill      XL: |  1  2 |
---------------+-------+-----
Axes           | 2 3 |  3.9
Fighting       | |  3.0
Armour         | |  2.6
Shields        | |  2.6

Action                     || total
---------------------------++-------
  Melee: War axe           ||    74
         Headbutt          ||    12
    Use: Scroll            ||     4
         Potion            ||     2
 Armour: Scale mail        ||    23
  Dodge: Dodged            ||    30
  Block: Buckler           ||    17

Levels and vault maps discovered:
D:1:      arrival_zaba_pyramid, layout_basic, chequers_ecumenical_altar_lobes,
          st_stairs_12, minmay_split_cup_small
D:2:      layout_basic
D:3:      minmay_roachtagon, layout_loops_corners, serial_undead,
          serial_undead_b, serial_undead_c, serial_undead_b, serial_undead_d,
          minmay_puff
D:4:      layout_basic, kennysheep_generic_room_12, uniq_grinder, uniq_robin

Notes
Turn   | Place    | Note
-------+----------+-------------------------------------------
     0 | D:1      | ytrimaz the Demonspawn Fighter began the quest for the Orb.
     0 | D:1      | Reached XP level 1. HP: 18/18 MP: 1/1
     0 | D:1      | magus.rc [v1.9.6]
    54 | D:1      | Reached skill level 2 in Axes
   217 | D:1      | You feel monstrous as your demonic heritage exerts itself.
   217 | D:1      | Discovered your monstrous ancestry.
   217 | D:1      | Gained mutation: You have a pair of small horns on your
                  | head. [demonic ancestry]
   217 | D:1      | Reached XP level 2. HP: 24/24 MP: 2/2
   494 | D:1      | Reached skill level 3 in Axes
   772 | D:1      | Found a faded altar of an unknown god.
   933 | D:1      | Gained mutation: Your demonic aura sometimes causes spilled
                  | blood to erupt in flames. [demonic ancestry]
   933 | D:1      | Reached XP level 3. HP: 29/29 MP: 3/3
  1232 | D:2      | You fall into a shaft and drop 2 floors!
  1610 | D:2      | HP: 4/29 [gnoll/+0 club (4)]
  1615 | D:2      | HP: 3/29 [gnoll/+0 club (2)]
  1617 | D:2      | HP: 1/29 [gnoll/+0 club (3)]
  1618 | D:2      | Slain by a gnoll

Vanquished Creatures
  A gnoll (D:2)
  An adder skeleton (D:3)
  An adder zombie (D:3)
  2 dart slugs (D:1)
  5 ball pythons
  5 bats (D:1)
  4 endoplasms
  2 giant cockroaches (D:1)
  6 goblins (D:1)
  2 hobgoblins (D:1)
  2 kobolds (D:1)
  2 quokkas (D:1)
  A ball python skeleton (D:3)
  A frilled lizard (D:1)
  5 rats
40 creatures vanquished.

Table legend:
 A = Non-vault XP
 B = Vault XP
 C = Vault XP percentage of total XP
 D = Non-vault monster count
 E = Vault monster count
 F = Vault count percentage of total count
                 A         B        C        D         E       F
            +---------+---------+-------+---------+---------+-------
      Total |      68 |      22 |  24.4 |      32 |       8 |  20.0
            +---------+---------+-------+---------+---------+-------
        D:1 |      43 |      11 |  20.4 |      24 |       5 |  17.2
        D:2 |      21 |       0 |   0.0 |       6 |       0 |   0.0
        D:3 |       0 |      11 | 100.0 |       0 |       3 | 100.0
        D:4 |       4 |       0 |   0.0 |       2 |       0 |   0.0
            +---------+---------+-------+---------+---------+-------

Illustrated notes

Table legend:
 A = Kills in this place as a percentage of kills in the entire game.
 B = Kills by you in this place as a percentage of kills by you in the entire game.
 C = Kills by friends in this place as a percentage of kills by friends in the entire game.
 D = Other kills in this place as a percentage of other kills in the entire game.
 E = Experience gained in this place as a percentage of experience gained in the entire game.
 F = Experience gained in this place divided by the number of levels of this place that you have seen.
                   A       B       C       D       E      F
               +-------+-------+-------+-------+-------+----------------------
         Total | 100.0 | 100.0 |   N/A |   N/A | 100.0 |  22.5
       Dungeon | 100.0 | 100.0 |   N/A |   N/A | 100.0 |  22.5
               +-------+-------+-------+-------+-------+----------------------

Table legend: (Time is in decaauts)
 A = Elapsed time spent in this place.
 B = Non-inter-level travel time spent in this place.
 C = Inter-level travel time spent in this place.
 D = Time resting spent in this place.
 E = Time spent auto-exploring this place.
 F = Levels seen in this place.
 G = Mean time per level.
                   A        B        C        D        E       F      G
               +--------+--------+--------+--------+--------+-----+--------+
         Total |   1626 |   1598 |     28 |      0 |   1342 |   4 |  406.5 |
       Dungeon |   1626 |   1598 |     28 |      0 |   1342 |   4 |  406.5 |
               +--------+--------+--------+--------+--------+-----+--------+

Top non-repeatable levels by time:
     D:1: 1232 daAuts
     D:2: 224 daAuts
     D:3: 152 daAuts
     D:4: 16 daAuts
